 Dungeon Sprint DCSS version 0.19.5 (webtiles) character file.

5301 JeffiDaFish the Fighter (level 10, 0/92 HPs)
             Began as a Demonspawn Fighter on Dec 9, 2017.
             Succumbed to a draconian's poison
             ... in the Dungeon (Sprint V: "Ziggurat Sprint").
             The game lasted 00:03:16 (798 turns).

JeffiDaFish the Fighter (Demonspawn Fighter)         Turns: 798, Time: 00:03:17

Health: 0/92       AC: 23    Str: 16    XL:     10   Next: 37%
Magic:  10/10      EV:  9    Int: 11    God:
Gold:   0          SH:  0    Dex: 15    Spells: 0 memorised, 9 levels left

rFire  . . .     SeeInvis +     D - +14 obsidian axe {chop, +Fly SInv *Curse} (curse)
rCold  . . .     Gourm    .     c - +5 shadow dragon scales
rNeg   . . .     Faith    .     (no shield)
rPois  .         Spirit   .     (no helmet)
rElec  .         Reflect  .     (no cloak)
rCorr  .         Harm     .     (no gloves)
MR     .....     NoTele   +     (no boots)
Stlth  +++++.....               (no amulet)
                                (no ring)
                                (no ring)

@: lethally poisoned (0 -> -29), mesmerised
A: talons 2, molten scales 2, nightstalker 1
a: Evoke Flight


You were in the Dungeon.
You were not hungry.

You visited 1 branch

Inventory:

Hand Weapons
 D - the cursed +14 obsidian axe (weapon) {chop, +Fly SInv *Curse}
   (You found it in the Dungeon)

   It inflicts extra damage upon your enemies.
   It lets you see invisible.
   It lets you fly.
   It may re-curse itself when equipped.
   It has a curse placed upon it.
Armour
 a - a +5 crystal plate armour
 b - +5 ice dragon scales
 c - +5 shadow dragon scales (worn)
 E - the +5 plate armour "Paypreg" {Str+3}
   (You found it in the Dungeon)

   It affects your strength (+3).
Jewellery
 u - a +6 ring of dexterity
 y - a +6 ring of dexterity
 z - a +6 ring of intelligence
 A - a +6 ring of intelligence
 B - a +6 ring of strength
 C - a +6 ring of strength
Scrolls
 k - 4 scrolls of blinking
 l - 4 scrolls of amnesia
 m - 3 scrolls of recharging
 n - 7 scrolls of fog
 o - 5 scrolls of identify
 p - 5 scrolls of remove curse
 q - 2 scrolls of fear
 F - a scroll of brand weapon
Potions
 d - 6 potions of might
 e - 9 potions of curing
 g - 8 potions of heal wounds
 h - 6 potions of haste
 i - 7 potions of magic
 j - 2 potions of berserk rage
 r - 2 potions of brilliance
 s - 2 potions of invisibility
 t - 4 potions of resistance
 v - 5 potions of agility
Comestibles
 f - 5 bread rations
 w - 42 fruits
 x - 4 meat rations


   Skills:
 + Level 13.6 Fighting
 + Level 13.0 Axes
 + Level 12.4 Armour
 + Level 4.4 Dodging
 + Level 5.3 Stealth
   Level 2.6 Shields


You had 9 spell levels left.
You didn't know any spells.

Dungeon Overview and Level Annotations

Branches:
Dungeon (1/1)

Altars:
Ashenzari
Cheibriados
Dithmenos
Elyvilon
Fedhas
Gozag
Hepliaklqana
Kikubaaqudgha
Makhleb
Nemelex Xobeh
Okawaru
Qazlal
Ru
Sif Muna
Trog
Uskayaw
Vehumet
Xom
Yredelemnul
Zin
The Shining One
Beogh
Jiyva
Lugonu


Innate Abilities, Weirdness & Mutations

You have razor-sharp toenails.
You are mostly covered in molten scales. (AC +3)
You are slightly more attuned to the shadows.


Message History

* * * LOW HITPOINT WARNING * * *
You feel very sick.
The purple draconian hits you with the +9 great sword "Rorghiycs" {drain, +Inv rPois Dex-4 SInv}.
* * * LOW HITPOINT WARNING * * *
You feel drained.
* * * LOW HITPOINT WARNING * * *
The draconian hits you but does no damage.
The draconian completely misses you.
The draconian hits you from afar with a +3 spear of venom.
* * * LOW HITPOINT WARNING * * *
You are more poisoned.
You slash the purple draconian!
The purple draconian is heavily wounded.
You slash the draconian! x2
You kill the draconian!
Your life force feels restored.
Your Axes skill increases to level 13!
Your shadow dragon scales prevents you from hitting the draconian.
You closely miss the purple draconian. You closely miss the draconian.
You die...

▓.........▓.▓...▓.▓
▓.........▓.......▓
▓▓▓▓▓▓▓▓▓▓▓▓▓▓▓▓▓▓▓
▓...8©8...▓..8©8..▓
▓..)..:)..▓...|:..▓
▓....))...▓..}.}..▓
▓..d......▓.......▓
▓...ddd...▓..)..).▓
▓...)@d...▓..).)..▓
▓.....d...▓.......▓
▓.▓.....▓.▓.......▓
▓.........▓.......▓
▓▓▓▓▓▓▓▓▓▓▓▓▓▓▓▓▓▓▓


You could see 2 draconians and 4 draconians.

Vanquished Creatures
  A mummy priest (D)
  An ugly thing (D)
  2 draconians (D)
  A toenail golem (D)
  A guardian mummy (D)
  A hornet (D)
  A slime creature (D)
  2 spriggans (D)
  A golden eye (shapeshifter) (D)
  A floating eye (D)
  A phantom (D)
  A necrophage (D)
  A wolf (D)
  3 orc priests (D)
  A jelly (D)
  An orc wizard (D)
  A mummy (D)
  3 shadow imps (D)
  A white imp (D)
  An ooze (D)
  An ufetubus (D)
  An adder zombie (D)
  An orc (D)
  A bat zombie (D)
  A quokka skeleton (D)
31 creatures vanquished.

Vanquished Creatures (collateral kills)
  3 toenail golems (D)
  A hornet (D)
  A flying skull (D)
  2 spriggans (D)
  A wolf (D)
  A quasit (D)
  A mummy (D)
10 creatures vanquished.

Grand Total: 41 creatures vanquished

Notes
Turn   | Place    | Note
-------+----------+-------------------------------------------
     0 | D        | JeffiDaFish the Demonspawn Fighter began the quest for the Orb.
     0 | D        | Reached XP level 1. HP: 18/18 MP: 1/1
    18 | D        | Found a blossoming altar of Fedhas.
    24 | D        | Found a hazy altar of Hepliaklqana.
    24 | D        | Found a viscous altar of Jiyva.
    24 | D        | Found an opulent altar of Gozag.
    24 | D        | Found an ancient bone altar of Kikubaaqudgha.
    25 | D        | Found a corrupted altar of Lugonu.
    27 | D        | Found a burning altar of Makhleb.
    28 | D        | Found a sacrificial altar of Ru.
    28 | D        | Found a deep blue altar of Sif Muna.
    28 | D        | Found a stormy altar of Qazlal.
    28 | D        | Found a bloodstained altar of Trog.
    28 | D        | Found an iron altar of Okawaru.
    28 | D        | Found a sparkling altar of Nemelex Xobeh.
    36 | D        | Gained mutation: You have sharp toenails. [demonic ancestry]
    36 | D        | Reached XP level 2. HP: 26/26 MP: 2/2
    60 | D        | Entered arena 1.
    60 | D        | Noticed a cyan ugly thing
    60 | D        | Noticed a golden eye
    67 | D        | Killed a golden eye
    67 | D        | Gained mutation: You are partially covered in molten scales. (AC +2) [demonic ancestry]
    67 | D        | Reached XP level 3. HP: 31/36 MP: 3/3
    67 | D        | Gained mutation: You are slightly more attuned to the shadows. [demonic ancestry]
    67 | D        | Reached XP level 4. HP: 37/43 MP: 4/4
    67 | D        | Reached XP level 5. HP: 42/48 MP: 5/5
    70 | D        | Killed a cyan ugly thing
    70 | D        | Reached skill level 5 in Axes
    70 | D        | Reached XP level 6. HP: 35/60 MP: 6/6
   178 | D        | Entered arena 2.
   182 | D        | Reached skill level 10 in Fighting
   182 | D        | Reached XP level 7. HP: 66/66 MP: 7/7
   191 | D        | Entered arena 3.
   191 | D        | Noticed a toenail golem
   191 | D        | Noticed a toenail golem
   191 | D        | Noticed a toenail golem
   191 | D        | Noticed a toenail golem
   199 | D        | Killed a toenail golem
   199 | D        | Reached skill level 10 in Armour
   200 | D        | Killed a toenail golem
   200 | D        | Gained mutation: You are mostly covered in molten scales. (AC +3) [demonic ancestry]
   200 | D        | Reached XP level 8. HP: 60/75 MP: 8/8
   201 | D        | Killed a toenail golem
   202 | D        | Killed a toenail golem
   205 | D        | Got the +5 plate armour "Paypreg" {Str+3}
   298 | D        | Entered arena 4.
   298 | D        | Noticed a slime creature
   308 | D        | Killed a slime creature
   308 | D        | Reached skill level 1 in Stealth
   308 | D        | Gained mutation: You have razor-sharp toenails. [demonic ancestry]
   308 | D        | Reached XP level 9. HP: 63/83 MP: 9/9
   310 | D        | Entered arena 5.
   421 | D        | Entered arena 6.
   439 | D        | Entered arena 7.
   440 | D        | Noticed a spriggan rider
   440 | D        | Noticed a spriggan rider
   444 | D        | Reached skill level 10 in Axes
   461 | D        | Killed a spriggan rider
   765 | D        | Entered arena 8.
   765 | D        | Noticed a mummy priest
   766 | D        | Noticed a guardian mummy
   772 | D        | Killed a guardian mummy
   772 | D        | Reached XP level 10. HP: 87/92 MP: 10/10
   778 | D        | Killed a mummy priest
   778 | D        | Reached skill level 5 in Stealth
   786 | D        | Entered arena 9.
   786 | D        | Noticed a draconian
   786 | D        | Noticed a purple draconian
   786 | D        | Noticed a purple draconian
   787 | D        | Noticed a draconian
   787 | D        | Noticed a draconian
   787 | D        | Noticed a draconian
   787 | D        | Noticed a draconian
   787 | D        | Noticed a draconian
   796 | D        | Killed a draconian
   797 | D        | HP: 3/92 [purple draconian/the +9 great sword "Rorghiycs" {drain, +Inv rPois Dex-4 SInv} (2)]
   797 | D        | HP: 1/92 [draconian/+3 spear of venom (2)]
   798 | D        | Killed a draconian
   798 | D        | Succumbed to a draconian's poison

Skill      XL: |  1  2  3  4  5  6  7  8  9 10 |
---------------+-------------------------------+-----
Fighting       | 4 7 9 10 11 12 13 | 13.6
Axes           | 3 4 5 6 7 9 11 13 | 13.0
Armour         | 4 6 9 10 11 12 | 12.4
Dodging        | 4 |  4.4
Stealth        | 1 4 5 |  5.3
Shields        | |  2.6

Action                   |  1- 3 |  4- 6 |  7- 9 | 10-12 || total
-------------------------+-------+-------+-------+-------++-------
Melee: Broad axe         |     2 |     5 |    46 |    15 ||    68
       Kick              |     2 |     1 |    10 |     6 ||    19
  Use: Potion            |     2 |       |     3 |       ||     5
 Stab: Sleeping          |       |       |     4 |       ||     4
       Distracted        |       |       |       |     1 ||     1
Armor: Shadow dragon sca |     2 |     3 |    65 |    13 ||    83
Dodge: Dodged            |       |     1 |    26 |    12 ||    39
